 Dungeon Crawl Stone Soup version 0.21.1 (webtiles) character file.

827 KamiKatze the Destroyer (level 7, -4/54 HPs)
             Began as a Deep Elf Conjurer on Feb 4, 2018.
             Was a Believer of Vehumet.
             Slain by Edmund
             ... wielding a +1 flail of protection
              (8 damage)
             ... on level 3 of the Dungeon.
             The game lasted 00:25:46 (4337 turns).

KamiKatze the Destroyer (Deep Elf Conjurer)         Turns: 4337, Time: 00:25:46

Health: -4/54      AC:  8    Str: 10    XL:     7   Next: 64%
Magic:  18/18      EV: 13    Int: 22    God:    Vehumet [**....]
Gold:   335        SH:  0    Dex: 15    Spells: 4/18 levels left

rFire    . . .     SeeInvis .   a - +0 dagger
rCold    . . .     Gourm    .   (no shield)
rNeg     + . .     Faith    .   q - +1 animal skin
rPois    .         Spirit   .   r - +0 helmet
rElec    .         Reflect  .   (no cloak)
rCorr    .         Harm     .   w - +2 pair of gloves
MR       +....                  e - +0 pair of boots
Stlth    ..........             (no amulet)
HPRegen  0.18/turn              k - ring of positive energy
MPRegen  0.16/turn              h - ring of protection from magic

@: berserking, very quick
A: no striking features
a: Renounce Religion


You were on level 3 of the Dungeon.
You worshipped Vehumet.
Vehumet was pleased with you.
You were not hungry.

You visited 1 branch of the dungeon, and saw 4 of its levels.

You collected 335 gold pieces.

Inventory:

Hand Weapons
 a - a +0 dagger (weapon)
Armour
 e - a +0 pair of boots (worn)
 q - a +1 animal skin (worn)
 r - a +0 helmet (worn)
 s - a +0 buckler
 w - a +2 pair of gloves (worn)
Magical Staves
 b - an uncursed staff of cold
Jewellery
 h - a ring of protection from magic (right hand)
 k - a ring of positive energy (left hand)
Wands
 l - a wand of enslavement (19)
Scrolls
 u - a scroll of remove curse
 v - a scroll of teleportation {unknown}
Potions
 d - a potion of resistance
 f - a potion of heal wounds {unknown}
 g - a potion of brilliance
 i - a potion of flight
 j - a potion of haste {unknown}
 m - a potion of lignification {unknown}
 t - 2 potions of agility {unknown}
Books
 n - a book of Conjurations

   Spells                             Type                      Level
   a - Magic Dart                     Conjuration                  1
   b - Searing Ray                    Conjuration                  2
   c - Dazzling Spray                 Conjuration/Hexes            3
   d - Fulminant Prism                Conjuration/Hexes            4
   e - Force Lance                    Conjuration/Translocation    4
   f - Iskenderun's Mystic Blast      Conjuration                  4
Comestibles
 c - 5 rations


   Skills:
 - Level 2.4 Dodging
 - Level 2.4 Stealth
 + Level 6.4 Spellcasting
 * Level 8.2 Conjurations
 + Level 4.9 Hexes


You had 4 spell levels left.
You knew the following spells:

 Your Spells              Type           Power        Failure   Level  Hunger
a - Magic Dart            Conj           ####         1%          1    None
b - Searing Ray           Conj           #####.       1%          2    None
c - Dazzling Spray        Conj/Hex       #####.       1%          3    #......
d - Iskenderun's Mystic   Conj           #####...     3%          4    ###....
e - Fulminant Prism       Conj/Hex       #####.....   5%          4    ###....


Dungeon Overview and Level Annotations

Branches:
Dungeon (4/15)
 Temple: D:4-7

Altars:
Cheibriados
Vehumet

Annotations:
D:3 Edmund


Message History

* * * LOW HITPOINT WARNING * * *
Okay, then.
Unknown command.
Okay, then.
Unknown command.
It was a potion of berserk rage.
A red film seems to cover your vision as you go berserk!
You feel yourself moving faster!
You feel mighty!
You barely miss Edmund.
Edmund is lightly wounded.
Edmund hits you but does no damage.
You hit Edmund.
Edmund is moderately wounded.
Edmund barely misses you.
You puncture Edmund!
Edmund is heavily wounded.
You hit Edmund.
Edmund is severely wounded.
Edmund hits you with a flail of protection!
You die...

#....#....#
#.......
#.#######.#
########
#....#....#
####.#.####
####### ## #.#.#
#.....# #. #...#
#.....# #. ##..#
#.....# #. ##.#
#.....# #. #@#
#.....# #. #@#
###.#### #. #.#
#......# #. #.#
#.#.##.# ##
#.######.#.##.####
#.................
########
#>.#.###.#..#.####
###......#
#..#.##.....#.#
.##.####.#
#.[...........#


You could see Edmund.

Vanquished Creatures
  Grinder (D:4)
  Sigmund (D:3)
  A big kobold (D:3)
  A centaur skeleton (D:4)
  3 orc priests (D:4)
  2 hounds (D:4)
  Robin (D:4)
  2 adders
  7 gnolls
  2 oozes
  3 worms
  A dart slug (D:1)
  A leopard gecko (D:1)
  7 orcs
  A ball python (D:4)
  5 bats
  3 giant cockroaches
  15 goblins
  9 hobgoblins
  2 jackals (D:2)
  2 quokkas
  7 frilled lizards
  38 kobolds
  10 rats
125 creatures vanquished.

Vanquished Creatures (others)
  9 fulminant prisms (D:4)
9 creatures vanquished.

Grand Total: 134 creatures vanquished

Notes
Turn   | Place    | Note
-------+----------+-------------------------------------------
     0 | D:1      | KamiKatze the Deep Elf Conjurer began the quest for the Orb.
     0 | D:1      | Reached XP level 1. HP: 10/10 MP: 6/6
   167 | D:1      | Reached XP level 2. HP: 15/15 MP: 5/8
   171 | D:1      | Learned a level 2 spell: Searing Ray
   553 | D:1      | Reached skill level 5 in Conjurations
  1017 | D:2      | Reached XP level 3. HP: 14/19 MP: 7/10
  1022 | D:2      | Learned a level 3 spell: Dazzling Spray
  1385 | D:2      | Reached skill level 1 in Hexes
  1417 | D:2      | Found a radiant altar of Vehumet.
  1423 | D:2      | Became a worshipper of Vehumet
  1504 | D:2      | Reached XP level 4. HP: 24/24 MP: 8/12
  1597 | D:2      | Learned a level 4 spell: Iskenderun's Mystic Blast
  1654 | D:3      | Found a snail-covered altar of Cheibriados.
  2416 | D:4      | Noticed an orc warrior
  2577 | D:3      | Reached skill level 6 in Conjurations
  2637 | D:3      | Reached * piety under Vehumet
  2637 | D:3      | Offered knowledge of Shock by Vehumet.
  2704 | D:3      | Noticed Sigmund
  2771 | D:3      | Killed Sigmund
  2771 | D:3      | Reached skill level 5 in Spellcasting
  2771 | D:3      | Reached XP level 5. HP: 20/28 MP: 8/14
  2771 | D:3      | Reached XP level 6. HP: 22/32 MP: 8/15
  2898 | D:3      | Reached skill level 7 in Conjurations
  3207 | D:3      | Learned a level 4 spell: Fulminant Prism
  3347 | D:4      | Noticed Robin
  3368 | D:4      | Killed Robin
  3446 | D:4      | Offered knowledge of Sting by Vehumet.
  3563 | D:4      | Reached ** piety under Vehumet
  3769 | D:4      | Reached XP level 7. HP: 36/36 MP: 8/17
  4073 | D:4      | Noticed Grinder
  4253 | D:4      | Killed Grinder
  4253 | D:4      | Reached skill level 8 in Conjurations
  4298 | D:4      | Noticed Edmund
  4337 | D:3      | Slain by Edmund

Skill      XL: |  1  2  3  4  5  6  7 |
---------------+----------------------+-----
Conjurations   | 5 6 7 8 |  8.2
Spellcasting   | 4 5 6 |  6.4
Hexes          | 1 3 4 |  4.9
Dodging        | |  2.4
Stealth        | |  2.4

Action                   |  1- 3 |  4- 6 |  7- 9 || total
-------------------------+-------+-------+-------++-------
Melee: Dagger            |     2 |    17 |     4 ||    23
 Cast: Magic Dart        |    69 |   123 |    22 ||   214
       Searing Ray       |     5 |    10 |     1 ||    16
       Fulminant Prism   |       |     3 |     6 ||     9
       Dazzling Spray    |       |     3 |       ||     3
       Iskenderun's Myst |       |       |     3 ||     3
  Use: Scroll            |       |     5 |     1 ||     6
       Potion            |       |       |     1 ||     1
  Eat: Chunk             |     2 |     7 |     3 ||    12
Armor: Robe              |     1 |    10 |       ||    11
       Animal skin       |       |       |     2 ||     2
Dodge: Dodged            |     1 |    28 |     2 ||    31
